 Dungeon Crawl Stone Soup version 0.21.1-1-g345015f (webtiles) character file.

40 poirepourri the Grave Robber (level 3, -4/26 HPs)
             Began as a Ghoul Necromancer on July 3, 2018.
             Slain by a worm (8 damage)
             ... on level 2 of the Dungeon.
             The game lasted 00:02:00 (1338 turns).

poirepourri the Grave Robber (Ghoul Necromancer)    Turns: 1338, Time: 00:02:02

Health: -4/26      AC:  2    Str: 11    XL:     3   Next: 50%
Magic:  0/6        EV: 12    Int: 11    God:
Gold:   62         SH:  0    Dex:  9    Spells: 0/8 levels left

rFire    . . .     SeeInvis .   (no weapon)
rCold    + . .     Gourm    .   (no shield)
rNeg     + + +     Faith    .   a - +0 robe
rPois    ∞         Spirit   .   (no helmet)
rElec    .         Reflect  .   (no cloak)
rCorr    .         Harm     .   (no gloves)
MR       .....                  (no boots)
Stlth    ++........             (no amulet)
HPRegen  0.00/turn              (no ring)
MPRegen  0.10/turn              (no ring)

@: rotting
A: rotting body, claws 1, carnivore, cold resistance 1, negative energy
resistance 3, inhibited regeneration, torment resistance, unbreathing
a: no special abilities


You were on level 2 of the Dungeon.
You were not hungry.

You visited 1 branch of the dungeon, and saw 2 of its levels.

You collected 62 gold pieces.

Inventory:

Armour
 a - a +0 robe (worn)
Jewellery
 d - an uncursed amulet of guardian spirit {unknown}
Scrolls
 e - a scroll of identify {unknown}
Potions
 h - a potion of curing {unknown}
Books
 b - a book of Necromancy

   Spells                             Type                      Level
   a - Pain                           Necromancy                   1
   b - Animate Skeleton               Necromancy                   1
   c - Vampiric Draining              Necromancy                   3
   d - Regeneration                   Charms/Necromancy            3
   e - Animate Dead                   Necromancy                   4
   f - Borgnjor's Vile Clutch         Necromancy/Earth             5
Comestibles
 c - a ration


   Skills:
 + Level 1.9 Dodging
 - Level 2.1 Stealth
 - Level 3.1 Spellcasting
 - Level 4.0 Necromancy


You couldn't memorise any spells.
You knew the following spells:

 Your Spells              Type           Power        Failure   Level  Hunger
a - Pain                  Necr           ##..         4%          1    #......
b - Animate Skeleton      Necr           N/A          4%          1    #......
c - Vampiric Draining     Necr           ##........   14%         3    ###....
d - Regeneration          Chrm/Necr      #.........   34%         3    ###....


Dungeon Overview and Level Annotations

Branches:
Dungeon (2/15)

Altars:


Innate Abilities, Weirdness & Mutations

Your body is rotting away.
You thrive on raw meat.
You are immune to poison.
You have sharp fingernails.
You are carnivorous and can eat meat at any time.
Your flesh is cold resistant. (rC+)
You are immune to negative energy. (rN+++)
You do not regenerate when monsters are visible.
You are immune to unholy pain and torment.
You can survive without breathing.


Message History

The worm is almost dead.
The worm bites you!
You scratch the worm but do no damage.
The worm is severely wounded.
You barely miss the worm.
The worm is severely wounded.
The worm barely misses you.
You scratch the worm.
The worm is almost dead.
The worm bites you!
* * * LOW HITPOINT WARNING * * *
You scratch the worm but do no damage.
The worm is almost dead.
Casting: Pain
Confirm with . or Enter, or press ? or * to list all spells.
Aiming: Pain
Press: ? - help, Shift-Dir - straight line, f/p - worm
Aim: a worm (almost dead, chance to defeat MR: 71%)
The worm struggles to resist.
The worm bites you!
You die...

#.# #.# #.# #.#
#.# #.#
#w################
#@................
##################


You could see a worm.

Vanquished Creatures
  A worm (D:2)
  3 dart slugs (D:1)
  A leopard gecko (D:1)
  4 giant cockroaches
  2 goblins
  2 hobgoblins (D:1)
  3 jackals (D:1)
  A ball python (D:1)
  3 bats
  6 frilled lizards
  3 kobolds
  2 rats
31 creatures vanquished.

Notes
Turn   | Place    | Note
-------+----------+-------------------------------------------
     0 | D:1      | poirepourri the Ghoul Necromancer began the quest for the Orb.
     0 | D:1      | Reached XP level 1. HP: 14/14 MP: 2/2
   150 | D:1      | Reached XP level 2. HP: 18/20 MP: 2/4
   639 | D:1      | Reached XP level 3. HP: 23/26 MP: 0/6
  1267 | D:2      | Learned a level 1 spell: Animate Skeleton
  1271 | D:2      | Learned a level 3 spell: Vampiric Draining
  1275 | D:2      | Learned a level 3 spell: Regeneration
  1338 | D:2      | Slain by a worm

Skill      XL: |  1  2  3 |
---------------+----------+-----
Spellcasting   | 2 3 |  3.1
Dodging        | |  1.9
Stealth        | |  2.1
Necromancy     | |  4.0

Action                   || total
-------------------------++-------
Melee: Unarmed           ||    84
 Cast: Pain              ||    40
  Use: Potion            ||     1
       Scroll            ||     2
  Eat: Chunk             ||     6
Armor: Robe              ||    31
Dodge: Dodged            ||    59
